 Dungeon Crawl Stone Soup version 0.29.0-4-gdea44cf6ec (webtiles) character file.

Game seed: 9460607308853132537

197123 iguanaiguana the Eclecticist (level 19, -8/143 HPs)
             Began as a Djinni Arcane Marksman on Aug 27, 2022.
             Was the Champion of Dithmenos.
             Mangled by a ghost moth (13 damage)
             ... on level 4 of the Spider Nest.
             The game lasted 02:02:31 (31187 turns).

iguanaiguana the Eclecticist (DjAM)                Turns: 31187, Time: 02:02:31

Health: -8/143     AC: 16    Str:  9      XL:     19   Next: 9%
Gold:   2471       EV: 16    Int: 23      God:    Dithmenos [******] SH:  8 Dex: 12 (14)

rFire   + + +      SeeInvis .   a - +9 spear "Qiar" {vorpal, rC+ Stlth+}
rCold   . . .      Faith    .   Q - +3 buckler {AC+3}
rNeg    . . .      Spirit   .   l - +1 troll leather armour
rPois   ∞          Reflect  .   (no helmet)
rElec   .          Harm     .   c - +2 cloak
rCorr   +          Rampage  .   w - +2 pair of gloves
Will    ++...                   (boots unavailable)
Stlth   +++++++...              v - amulet of regeneration
HPRegen 2.73/turn               R - ring of resist corrosion
MPRegen 0.00/turn               y - ring of protection from fire

@: flying, wreathed by umbra, studying Staves
A: sickness immunity, fire resistance 2, cold vulnerability 1, float, innate
caster, HP casting, extra vitality 1, strong-willed 1, regeneration 1, wild
magic 1
}: 1/15 runes: decaying
a: Renounce Religion, Shadow Step, Shadow Form


You were on level 4 of the Spider Nest.
You worshipped Dithmenos.
Dithmenos was exalted by your worship.
You visited 5 branches of the dungeon, and saw 30 of its levels.
You also visited: Volcano.

You collected 2988 gold pieces.
You spent 517 gold pieces at shops.

Inventory:

Hand Weapons
 a - the +9 spear "Qiar" (weapon) {vorpal, rC+ Stlth+}
   (You bought it in a shop on level 2 of the Orcish Mines)

   It inflicts extra damage upon your enemies.
   rC:        It protects you from cold.
   Stlth:     It makes you more stealthy.
Missiles
 s - 85 poisoned darts
 D - 3 throwing nets
 H - 6 curare-tipped darts
Armour
 c - a +2 cloak (worn)
 l - a +1 troll leather armour (worn)
 w - a +2 pair of gloves (worn)
 Q - a +3 buckler of protection (worn)
Jewellery
 f - a +4 ring of evasion
 t - a +6 ring of strength
 v - an amulet of regeneration (around neck)
 y - a ring of protection from fire (right hand)
 F - a +6 ring of intelligence
 N - a ring of fire
 R - a ring of resist corrosion (left hand)
Wands
 x - a wand of digging (6) {@v3}
 G - a wand of flame (2)
 I - a wand of polymorph (13)
 L - a wand of charming (9)
 M - a wand of quicksilver (18)
 T - a wand of roots (12)
 X - a wand of mindburst (2)
Scrolls
 b - 3 scrolls of poison
 e - 3 scrolls of silence
 h - 4 scrolls of fog
 m - 2 scrolls of blinking {@r4}
 r - 3 scrolls of enchant weapon
 u - 3 scrolls of fear (quivered)
 z - 3 scrolls of magic mapping {@r5}
 A - a scroll of vulnerability
 B - 5 scrolls of teleportation {@r3}
 E - 3 scrolls of immolation
 O - 5 scrolls of identify {@r1}
 S - a scroll of acquirement
 V - a scroll of summoning
 Y - 4 scrolls of brand weapon
Potions
 d - 3 potions of mutation
 i - 16 potions of curing {@q1}
 j - 3 potions of brilliance
 n - 5 potions of ambrosia
 o - 4 potions of resistance {@q5}
 p - 3 potions of invisibility
 q - a potion of cancellation
 C - 3 potions of haste {@q4}
 J - 3 potions of might {@q3}
 K - 10 potions of heal wounds {@q2}
 P - 3 potions of lignification
 U - 7 potions of attraction
Miscellaneous
 g - a tin of tremorstones (2/2)
 k - a condenser vane
 W - a phantom mirror


   Skills:
 - Level 15.0 Fighting
 - Level 1.5 Ranged Weapons
 - Level 4.0 Throwing
 - Level 8.0 Armour
 - Level 12.0 Dodging
 - Level 6.0 Stealth
 - Level 6.0 Shields
 + Level 16.7 Spellcasting
 - Level 12.0 Invocations
 - Level 4.0 Evocations


You had 3 spell levels left.
You knew the following spells:

 Your Spells              Type           Power      Damage    Failure   Level
a - Iron Shot             Conj/Erth      45%        9d9       1%          6
b - Scorch                Fire           100%       2d10      1%          2
c - Inner Flame           Hex/Fire       90%        N/A       1%          3
d - Summon Cactus Giant   Summ           45%        N/A       1%          6
e - Monstrous Menagerie   Summ           45%        N/A       7%          7
f - Slow                  Hex            100%       N/A       1%          1
g - Blink                 Tloc           100%       N/A       1%          2
h - Gell's Gravitas       Tloc           90%        N/A       1%          3
i - Yara's Violent Unrav  Hex/Tmut       45%        3d18      1%          5
j - Silence               Hex/Air        45%        N/A       1%          5
k - Cause Fear            Hex            45%        N/A       1%          4
l - Sting                 Tmut/Pois      100%       1d8       1%          1
m - Portal Projectile     Hex/Tloc       100%       N/A       1%          3
Your spell library was empty.

Dungeon Overview and Level Annotations

Branches:
Dungeon (15/15) Zot: 25901  Temple (0/1) D:7            Lair (5/5) D:8 Zot: 22889
  Swamp (4/4) Lair:3 Zot: 21137  Spider (4/4) Lair:3 Zot: 20850   Slime (0/5) Lair:5
    Orc (2/2) D:9 Zot: 10197     Elf (0/3) Orc:2        Vaults (0/5) D:13
 Depths (0/4) D:15        Volcano (visited)

Altars:
Cheibriados
Dithmenos
Makhleb
Nemelex Xobeh
Trog
Uskayaw
Xom
Yredelemnul
The Shining One
Jiyva
Lugonu

Shops:
D:6 (   D:7 *   D:8 =   Orc:2 ==([(

Annotations:
D:8 2 transporters
Lair:4 exclusions: electric eel and 1 more exclusion


Innate Abilities, Weirdness & Mutations

You are immune to sickness and miasma.
You are immune to poison.
Your flesh is very heat resistant. (rF++)
You are vulnerable to cold. (rC-)
You float through the air rather than walking.
You learn spells naturally, not from books.
Your magical power is your life essence.
You have superior vitality. (+4 MHP)
You are strong-willed. (Will+)
Your natural rate of healing is unusually fast.
Your spells are a little harder to cast, but a little more powerful.


Message History

Something hits you.
* * * LOW HITPOINT WARNING * * *
Casting: Iron Shot (dangerous; 1% risk of failure)
Confirm with . or Enter, or press ? or * to list all spells.
You can't see any susceptible monsters within range! (Use Z to cast anyway.)
You feel better.
You feel you are being watched by something.
Something stings you!
* * * LOW HITPOINT WARNING * * *
You feel clumsy.
Casting: Iron Shot (dangerous; 1% risk of failure)
Confirm with . or Enter, or press ? or * to list all spells.
Aiming: Iron Shot (dangerous; 1% risk of failure)
Press: ? - help, Shift-Dir - straight line, f - you
Okay, then.
Casting: Iron Shot (dangerous; 1% risk of failure)
Confirm with . or Enter, or press ? or * to list all spells.
You can't see any susceptible monsters within range! (Use Z to cast anyway.)
Casting: Iron Shot (dangerous; 1% risk of failure)
Confirm with . or Enter, or press ? or * to list all spells.
Flames lash something.
* * * LOW HITPOINT WARNING * * *
You hear a faint skittering sound.
Your sphinx hits something!
Your sphinx closely misses something.
Something hits you!
* * * LOW HITPOINT WARNING * * *
You emit a cloud of dark smoke.
Casting: Scorch (safe; 1% risk of failure)
Confirm with . or Enter, or press ? or * to list all spells.
Aiming: Iron Shot (dangerous; 1% risk of failure)
Press: ? - help, Shift-Dir - straight line
Aim: Disturbance (black smoke)
* * * LOW HITPOINT WARNING * * *
You carefully extract the barbed spikes from your body.
Your sphinx mumbles some strange words.
Something hits you!
* * * LOW HITPOINT WARNING * * *
You feel clumsy. Something hits you!
You die...

#^.########### #^...
#^..≈.~^..^^^######....
#.........†..~.........
##.^....................
#..............^........
##...†...................
##.......^..~.~.^.........
#.^.^^.^§###########^.....
#######^{@§^.^^). ^^......
....~.^.H§§...............
........§§............^...
.........^§.^...^
............^.^..
...........^^####
~.~..^≈.^##### #######^^.
~....


You could see a friendly sphinx (summoned, skewered).

Vanquished Creatures
  Nikola (Swamp:4)
  A thorn hunter (Swamp:3)
  2 fenstrider witches
  An emperor scorpion (Spider:4)
  4 ghost moths
  An orc warlord (Orc:2)
  A ghoul (Swamp:1)
  2 broodmothers
  A stone giant (D:15)
  4 entropy weavers
  3 eleionomae
  A bunyip (Lair:3)
  2 spark wasps
  An ettin (Orc:1)
  3 fire dragons (Swamp:4)
  A shambling mangrove (Swamp:1)
  15 hydras
  7 boulder beetles
  A catoblepas (Lair:5)
  2 centaur warriors (D:13)
  2 ghost crabs
  4 radroaches
  4 jorogumos
  7 two-headed ogres
  7 alligators
  2 tengu warriors (D:13)
  An orc high priest (Orc:2)
  15 death yaks
  Nergalle (D:12)
  2 fire crabs (Swamp:4)
  7 spriggans
  A sun moth (Spider:3)
  6 pharaoh ants
  4 goliath frogs
  8 orb spiders
  2 spriggan druids (Swamp:4)
  5 steelbarb worms
  A wizard (D:15)
  5 bog bodies
  3 lindwurms
  11 swamp dragons
  3 deep elf pyromancers
  3 cyclopes
  2 orc knights
  11 wolf spiders
  4 orc sorcerers (Orc:2)
  16 ugly things
  3 manticores
  6 moths of wrath
  15 elephants
  A gargoyle (D:14)
  7 black mambas
  4 torpor snails
  9 cane toads
  A smoke demon (Volcano)
  3 yaktaurs (D:13)
  2 freezing wraiths (D:15)
  Psyche (D:11)
  An unseen horror (D:13)
  6 demonic crawlers
  A komodo dragon (shapeshifter) (D:15)
  9 komodo dragons
  3 rime drakes (Lair:5)
  2 tengu conjurers
  3 kobold demonologists
  A polar bear (Lair:4)
  3 meliai (Spider:3)
  A queen bee (D:10)
  Prince Ribbit (D:8)
  28 tarantellas
  2 bloated husks
  8 trolls
  4 tyrant leeches
  10 hornets
  10 blink frogs (Lair:5)
  2 dream sheep (Lair:5)
  A wolf spider simulacrum (D:14)
  8 slime creatures
  22 jumping spiders
  2 jumping spiders (shapeshifter) (D:15)
  17 culicivoras
  3 wraiths
  A vampire (D:12)
  3 basilisks
  4 wyverns
  22 yaks
  53 redbacks
  3 steam dragons
  14 vampire mosquitoes
  26 swamp worms
  2 wargs
  A hell hound (Volcano)
  14 water moccasins
  14 swamp drakes
  2 sky beasts
  38 orc warriors
  3 black bears
  3 ice beasts
  6 centaurs
  10 ogres
  12 wolves
  A phantom (D:4)
  5 kobold brigands
  11 bullfrogs
  4 gnoll sergeants
  6 necrophages
  12 wights
  20 killer bees
  2 nameless horrors
  6 howler monkeys
  4 electric eels
  2 hounds
  12 orc priests
  4 jellies
  4 iguanas
  20 orc wizards
  Natasha (thrice) (D:2)
  13 gnolls
  8 adders
  A shadow imp (D:6)
  A white imp (D:5)
  2 ufetubi
  3 worms
  100 orcs
  6 ball pythons
  A bat (D:1)
  14 endoplasms
  5 giant cockroaches
  10 goblins
  12 hobgoblins
  8 jackals
  15 kobolds
  5 quokkas
  2 frilled lizards (D:2)
  7 rats
  A spectral orc (D:14)
  3 briar patches (Swamp:3)
  2 butterflies (D:4)
957 creatures vanquished.

Vanquished Creatures (collateral kills)
  Frances (Swamp:1)
  A ghost moth (Lair:3)
  A war gargoyle (D:13)
  A ghost crab (Swamp:1)
  2 hydras
  An alligator (Swamp:3)
  A sun moth (Spider:3)
  3 ugly things
  2 wolf spiders (Spider:4)
  2 cyclopes
  A bloated husk (Swamp:1)
  4 hornets
  A tarantella (Spider:2)
  3 slime creatures
  A culicivora (Spider:4)
  A shadow (D:12)
  2 basilisks
  4 redbacks
  3 vampire mosquitoes
  2 nameless horrors (D:13)
  A swamp drake (Lair:3)
  2 centaurs (D:13)
  2 kobold brigands
  A howler monkey (D:13)
  An orc (D:13)
  3 kobolds (D:12)
47 creatures vanquished.

Vanquished Creatures (others)
  A wizard (D:6)
  A swamp drake (Swamp:4)
  2 briar patches (Swamp:3)
  27 fungi
  66 plants
97 creatures vanquished.

Grand Total: 1101 creatures vanquished

Notes
Turn   | Place    | Note
-------+----------+-------------------------------------------
     0 | D:1      | iguanaiguana the Djinni Arcane Marksman began the quest for
                  | the Orb.
     0 | D:1      | iguanaiguana set off with the following spells memorised:
                  | Slow, Inner Flame, Portal Projectile, Cause Fear.
     0 | D:1      | Reached XP level 1. HP: 17/17 MP: 0/0
   551 | D:1      | Reached XP level 2. HP: 20/22 MP: 0/0
   904 | D:1      | Reached skill level 3 in Spellcasting
  1331 | D:1      | Reached XP level 3. HP: 22/27 MP: 0/0
  1331 | D:1      | Learned a level 1 spell: Sting
  1886 | D:2      | Noticed Natasha
  1898 | D:2      | Killed Natasha
  1899 | D:2      | Reached XP level 4. HP: 14/32 MP: 0/0
  2237 | D:2      | Noticed Natasha
  2246 | D:2      | Killed Natasha
  2247 | D:2      | Reached skill level 4 in Spellcasting
  2571 | D:2      | Reached XP level 5. HP: 22/37 MP: 0/0
  2571 | D:2      | Learned a level 2 spell: Scorch
  3014 | D:2      | Found a faded altar of an unknown god.
  3084 | D:2      | Noticed Natasha
  3088 | D:2      | Killed Natasha
  3283 | D:3      | You are sucked into a shaft and drop 1 floor!
  4587 | D:3      | Reached XP level 6. HP: 23/42 MP: 0/0
  5132 | D:3      | Reached skill level 5 in Spellcasting
  5409 | D:4      | Reached XP level 7. HP: 36/47 MP: 0/0
  5409 | D:4      | Learned a level 2 spell: Blink
  5772 | D:4      | Found a shadowy altar of Dithmenos.
  5949 | D:4      | Reached skill level 6 in Spellcasting
  6231 | D:4      | Found a shimmering altar of Xom.
  6458 | D:5      | Entered Level 5 of the Dungeon
  6589 | D:5      | Noticed a water moccasin
  6593 | D:5      | Killed a water moccasin
  6594 | D:5      | Reached XP level 8. HP: 31/52 MP: 0/0
  6639 | D:5      | Reached skill level 7 in Spellcasting
  7042 | D:5      | Found a snail-covered altar of Cheibriados.
  7494 | D:4      | Became a worshipper of Dithmenos the Shadowed
  7685 | D:6      | Reached skill level 5 in Fighting
  7688 | D:6      | Found Quups's Antique Weapon Emporium.
  7768 | D:6      | Reached XP level 9. HP: 64/66 MP: 0/0
  7768 | D:6      | Learned a level 3 spell: Gell's Gravitas
  7916 | D:6      | Found a bloodstained altar of Trog.
  7940 | D:6      | Noticed a wizard
  7943 | D:6      | Killed a wizard
  8185 | D:6      | Reached skill level 1 in Stealth
  8215 | D:6      | Found a burning altar of Makhleb.
  8512 | D:7      | Gained mutation: Your spells are a little harder to cast,
                  | but a little more powerful. [potion of mutation]
  8512 | D:7      | Gained mutation: Your natural rate of healing is unusually
                  | fast. [potion of mutation]
  8512 | D:7      | Gained mutation: You are strong-willed. (Will+) [potion of
                  | mutation]
  8669 | D:7      | Found a hide-covered altar of Uskayaw.
  8842 | D:7      | Reached skill level 5 in Stealth
  8856 | D:7      | Found Tipra's Assorted Antiques.
  8990 | D:7      | Found a staircase to the Ecumenical Temple.
  9173 | D:8      | Noticed Prince Ribbit
  9192 | D:8      | Killed Prince Ribbit
  9192 | D:8      | Reached * piety under Dithmenos
  9223 | D:8      | Reached skill level 1 in Shields
  9225 | D:8      | Found a transporter.
  9375 | D:8      | Found a corrupted altar of Lugonu.
  9377 | D:8      | Noticed a red ugly thing
  9377 | D:8      | Noticed a white ugly thing
  9389 | D:8      | Found Ytiek's Jewellery Shoppe.
  9457 | D:8      | Reached XP level 10. HP: 71/72 MP: 0/0
  9467 | D:8      | Reached skill level 5 in Dodging
  9492 | D:8      | Found a transporter.
  9493 | D:8      | Noticed a red ugly thing
  9765 | D:8      | Noticed a komodo dragon
  9771 | D:8      | Killed a komodo dragon
  9772 | D:8      | Reached skill level 5 in Shields
  9793 | D:8      | Found a staircase to the Lair.
  9875 | D:9      | Noticed a two-headed ogre
  9882 | D:9      | Killed a two-headed ogre
  9882 | D:9      | Reached ** piety under Dithmenos
 10024 | D:8      | Reached skill level 8 in Spellcasting
 10069 | D:9      | Found a staircase to the Orcish Mines.
 10073 | D:9      | Reached XP level 11. HP: 56/76 MP: 0/0
 10073 | D:9      | Learned a level 5 spell: Yara's Violent Unravelling
 10171 | D:9      | Reached skill level 9 in Spellcasting
 10306 | D:9      | Reached *** piety under Dithmenos
 10491 | D:9      | Found a glowing golden altar of the Shining One.
 10636 | D:9      | Found a sparkling altar of Nemelex Xobeh.
 10690 | D:10     | Entered Level 10 of the Dungeon
 10712 | D:10     | Noticed a two-headed ogre
 10723 | D:10     | Killed a two-headed ogre
 11107 | D:10     | Identified the +1 scale mail of the Ditch-Digger {rF+ rC+
                  | Str+4}
 11157 | D:10     | Noticed a two-headed ogre
 11161 | D:10     | Killed a two-headed ogre
 11162 | D:10     | Reached skill level 1 in Armour
 11306 | D:10     | Identified the +3 ring mail of the Fife {Str+5 Dex+4}
 11573 | Lair:1   | Entered Level 1 of the Lair of Beasts
 11632 | Lair:1   | Found a dark tunnel.
 11646 | Volcano  | Entered a volcano
 11742 | Volcano  | Noticed a sun demon
 11762 | Volcano  | Noticed a sun demon
 11763 | Volcano  | Reached XP level 12. HP: 76/88 MP: 0/0
 12314 | Lair:1   | You are sucked into a shaft and drop 1 floor!
 12333 | Lair:1   | Reached **** piety under Dithmenos
 12719 | Lair:2   | Reached skill level 10 in Spellcasting
 13181 | Lair:2   | Noticed a boulder beetle
 13190 | Lair:2   | Killed a boulder beetle
 13429 | Lair:3   | Identified a scroll of acquirement
 13486 | Lair:3   | Reached skill level 11 in Spellcasting
 13611 | Lair:3   | Found a hole to the Spider Nest.
 13839 | Lair:3   | Noticed a four-headed hydra
 14867 | Lair:3   | Found a hole to the Spider Nest.
 15118 | Lair:3   | Reached XP level 13. HP: 75/94 MP: 0/0
 15118 | Lair:3   | Learned a level 5 spell: Silence
 15222 | Lair:3   | Noticed a seven-headed hydra
 15227 | Lair:3   | Killed a seven-headed hydra
 15228 | Lair:3   | Reached skill level 12 in Spellcasting
 15259 | Lair:4   | Reached skill level 1 in Invocations
 15332 | Lair:4   | Noticed an eight-headed hydra
 15339 | Lair:4   | Killed an eight-headed hydra
 15619 | Lair:3   | Killed a four-headed hydra
 15669 | Lair:3   | Found a staircase to the Swamp.
 15811 | Lair:4   | Reached skill level 5 in Invocations
 16035 | Lair:4   | Reached skill level 10 in Fighting
 16417 | Lair:5   | Entered Level 5 of the Lair of Beasts
 16696 | Lair:5   | Found a viscous altar of Jiyva.
 16697 | Lair:5   | Found a staircase to the Slime Pits.
 16790 | Lair:5   | Reached skill level 1 in Evocations
 16792 | Lair:5   | Reached XP level 14. HP: 102/107 MP: 0/0
 16875 | Lair:5   | Reached ***** piety under Dithmenos
 16880 | Lair:5   | Reached skill level 5 in Armour
 17934 | Orc:1    | Entered Level 1 of the Orcish Mines
 18008 | Orc:2    | Entered Level 2 of the Orcish Mines
 18103 | Orc:2    | Found a staircase to the Elven Halls.
 18465 | Orc:2    | Found Moididit's Jewellery Shop.
 18513 | Orc:2    | Noticed an orc warlord
 18536 | Orc:2    | Killed an orc warlord
 18640 | Orc:2    | Reached ****** piety under Dithmenos
 18657 | Orc:2    | Found Hackesott's Antique Weapon Shop.
 18659 | Orc:2    | Found Ful Tucw's Antique Armour Boutique.
 18666 | Orc:2    | Bought a bloodstained spear for 192 gold pieces
 18666 | Orc:2    | Identified the +9 spear "Qiar" {vorpal, rC+ Stlth+} (You
                  | bought it in a shop on level 2 of the Orcish Mines)
 18718 | Orc:2    | Found Lelaj's Weapon Shoppe.
 18765 | Orc:2    | Reached XP level 15. HP: 116/116 MP: 0/0
 18765 | Orc:2    | Learned a level 6 spell: Summon Cactus Giant
 18983 | Orc:2    | Found Suir's Jewellery Shop.
 20232 | Orc:2    | Bought a ring of protection from fire for 325 gold pieces
 20619 | D:11     | Noticed Psyche
 20877 | D:11     | Killed Psyche
 21118 | D:12     | Reached skill level 13 in Spellcasting
 21178 | D:12     | Noticed Nergalle
 21186 | D:12     | Killed Nergalle
 22292 | D:13     | Found a gate to the Vaults.
 22325 | D:13     | Reached skill level 14 in Spellcasting
 22592 | D:14     | Noticed a war gargoyle
 22613 | D:13     | Killed a war gargoyle
 22682 | D:14     | Reached XP level 16. HP: 95/122 MP: 0/0
 22943 | D:14     | Found a basalt altar of Yredelemnul.
 22985 | D:14     | Found the +10 dark maul {vorpal}
 23166 | D:15     | Entered Level 15 of the Dungeon
 23252 | D:15     | Reached skill level 15 in Spellcasting
 23457 | D:15     | Found a staircase to the Depths.
 24374 | Swamp:1  | Entered Level 1 of the Swamp
 24760 | Swamp:1  | Reached skill level 1 in Throwing
 25180 | Swamp:1  | Noticed Frances
 25325 | Swamp:1  | Killed Frances
 25614 | Swamp:2  | Noticed a fenstrider witch
 25629 | Swamp:2  | Killed a fenstrider witch
 25918 | Swamp:2  | Reached skill level 16 in Spellcasting
 26022 | Swamp:3  | Reached XP level 17. HP: 104/129 MP: 0/0
 26022 | Swamp:3  | Learned a level 6 spell: Iron Shot
 26230 | Swamp:3  | Noticed a thorn hunter
 26243 | Swamp:3  | Killed a thorn hunter
 26337 | Swamp:3  | Reached skill level 15 in Fighting
 26592 | Swamp:4  | Entered Level 4 of the Swamp
 26633 | Swamp:4  | Noticed Nikola
 26663 | Swamp:4  | Killed Nikola
 26857 | Swamp:4  | Got a decaying rune of Zot
 26899 | Swamp:4  | Reached skill level 10 in Dodging
 27591 | Spider:1 | Entered Level 1 of the Spider Nest
 28045 | Spider:1 | Reached XP level 18. HP: 123/138 MP: 0/0
 28949 | Spider:2 | Reached skill level 10 in Invocations
 29338 | Spider:2 | You are sucked into a shaft and drop 1 floor!
 30344 | Spider:3 | Identified the +1 ring mail "Ungeoq" {Harm rF- Int+4
                  | Slay+3}
 31002 | Spider:4 | Entered Level 4 of the Spider Nest
 31054 | Spider:4 | Reached XP level 19. HP: 66/143 MP: 0/0
 31054 | Spider:4 | Learned a level 7 spell: Monstrous Menagerie
 31187 | Spider:4 | HP: 5/143 [something (17)]
 31187 | Spider:4 | Mangled by a ghost moth

Illustrated notes

Levels and vault maps discovered:
D:1:      lemuel_arrival_funnel, layout_basic
D:2:      layout_loops_ring, dreamdust_ecumenical_altar_sealed_demon,
          st_stairs_5, dk_vineyard_3, chequers_serial_rivers_micro_e,
          nicolae_concentric_dashed_squares_mild, chequers_hall_statues_y,
          uniq_natasha
D:3:      minmay_chambers_of_threes, layout_basic, roderic_lattice_a
D:4:      layout_basic, mainiacjoe_overflow_alcove_1, xom_butterflies,
          minmay_small_thing
D:5:      layout_gridville, slow_altar_2
D:6:      layout_layer_cave, mainiacjoe_overflow_alcove_2, trog_wizard,
          serial_shops, nicolae_shop_overgrown_old_shop
D:7:      layout_cave_pools, nicolae_uskayaw_murder_on_the_dancefloor,
          temple_hall, serial_shops, shop_statue, nicolae_underground_beach
D:8:      gammafunk_corrupted_shrine, layout_rooms, david_lair_shrubbed,
          serial_shops, shop, uniq_prince_ribbit1
D:9:      layout_rooms, grunt_temple_overflow_open,
          kennysheep_orc_monster_closet_entryway, serial_bayou,
          serial_bayou_lake_a, serial_bayou_lagoon_a, serial_bayou_ford_a,
          serial_bayou_pond_c
D:10:     layout_long_grid, nicolae_looking_at_the_future
D:11:     layout_gridville, uniq_psyche
D:12:     layout_loops_ring, dreamdust_wasp_nest, uniq_nergalle
D:13:     layout_gridville, hangedman_vaults_entry_quadrant_bands
D:14:     minmay_roctagon, layout_cave_pools,
          yredelemnul_forgotten_temple_becter
D:15:     grunt_enter_depths_giant_problem, layout_stronghold,
          serial_park_tiny_1
Lair:1:   layout_cave_pods, nicolae_volcano_entry_lava_flow,
          nicolae_lair_lindhole, grunt_megastairs_3
Lair:2:   layout_chaotic_city, minivault_27
Lair:3:   layout_regular_city, palyth_hydra_swamp_entry,
          spider_nest_entry_web_field
Lair:4:   layout_cave_pods, serial_bayou_shore_a
Lair:5:   hangedman_lair_in_review, layout_hall_layers, slime_entry_1,
          lemuel_fruit_tree
Swamp:1:  layout_basic_swamp, evilmike_swamp_ruin_rubble_2, swamp_pool5,
          nicolae_swamp_oxbows, uniq_frances
Swamp:2:  layout_falls_marsh, hangedman_swamp_ruin_wall
Swamp:3:  layout_basic_swamp, evilmike_swamp_ruin_house_6
Swamp:4:  swamp_fiery, layout_basic_swamp, uniq_nikola
Spider:1: nicolae_spider_hall_of_the_moth_king,
          hangedman_spider_tarantella_strand
Spider:2: layout_chambers, nicolae_spider_cling_halls
Spider:3: layout_spider_delve, nicolae_spider_wall_of_niches
Spider:4: grunt_spider_rune_parallel
Orc:1:    layout_diamond_mine, mines2_david
Orc:2:    grunt_orc_community_town_hall, layout_caves,
          grunt_orc_community_big_house_2, grunt_orc_community_big_house_1,
          grunt_orc_community_house_3, grunt_orc_community_house_1,
          grunt_orc_community_house_3, grunt_orc_community_house_2,
          grunt_orc_community_house_3, serial_shops, nicolae_diamond_shop,
          basic_altar

Skill      XL: |  1  2  3  4  5  6  7  8  9 10 11 12 13 14 15 16 17 18 |
---------------+-------------------------------------------------------+-----
Spellcasting   | 3 4 5 6 7 8 9 11 12 14 16 | 16.7
Fighting       | 6 8 12 13 14 15 | 15.0
Stealth        | 6 |  6.0
Shields        | 3 6 |  6.0
Dodging        | 4 6 12 | 12.0
Armour         | 3 4 8 |  8.0
Invocations    | 6 12 | 12.0
Evocations     | 1 4 |  4.0
Throwing       | 4 |  4.0
Ranged Weapons | |  1.5

Action                   |  1- 3 |  4- 6 |  7- 9 | 10-12 | 13-15 | 16-18 | 19-21 || total
-------------------------+-------+-------+-------+-------+-------+-------+-------++-------
Melee: Dagger            |       |       |       |     8 |     4 |       |       ||    12
       Spear             |       |       |       |       |    38 |    25 |       ||    63
 Fire: Sling             |    85 |    70 |    14 |       |       |       |       ||   169
Throw: Dart              |       |       |       |    17 |     5 |     3 |       ||    25
 Cast: Slow              |    22 |       |     2 |     1 |       |       |       ||    25
       Sting             |    11 |    25 |     6 |    71 |    37 |     1 |       ||   151
       Scorch            |       |    67 |   134 |   228 |   489 |   190 |     1 ||  1109
       Inner Flame       |       |       |     8 |    53 |   147 |   195 |       ||   403
       Gell's Gravitas   |       |       |     2 |     4 |     4 |       |       ||    10
       Portal Projectile |       |       |     2 |       |       |       |       ||     2
       Cause Fear        |       |       |     1 |     3 |       |       |       ||     4
       Blink             |       |       |       |     3 |     6 |     7 |       ||    16
       Summon Cactus Gia |       |       |       |       |    35 |    33 |     2 ||    70
       Iron Shot         |       |       |       |       |       |   321 |    11 ||   332
       Monstrous Menager |       |       |       |       |       |       |     7 ||     7
Evoke: Wand              |       |       |       |     2 |       |     8 |       ||    10
       Phantom mirror    |       |       |       |       |     1 |     1 |       ||     2
       Condenser vane    |       |       |       |       |     1 |     2 |       ||     3
       Tin of tremorston |       |       |       |       |       |     2 |       ||     2
  Use: Scroll            |       |       |    13 |    10 |     9 |     4 |       ||    36
       Potion            |       |       |     2 |     1 |     1 |     1 |     1 ||     6
 Stab: Sleeping          |       |       |       |       |     2 |     1 |       ||     3
Armor: Robe              |     3 |     4 |     2 |       |       |       |       ||     9
       Steam dragon scal |       |       |     1 |     7 |       |       |       ||     8
       Scale mail        |       |       |       |    29 |    50 |       |       ||    79
       Troll leather arm |       |       |       |       |    44 |   160 |    11 ||   215
       Ring mail         |       |       |       |       |    12 |       |       ||    12
Dodge: Dodged            |    29 |    30 |    30 |   172 |   339 |   276 |    15 ||   891
Block: Buckler           |       |    12 |     5 |    58 |   141 |   175 |    10 ||   401
